 Dungeon Crawl Stone Soup version 0.30-a0-916-g98134172ad (webtiles) character file.

Game seed: 15043446757591178497

13329 Aequonox the Covert (level 11, -1/80 HPs)
             Began as a Vampire Enchanter on Mar 20, 2023.
             Was a Believer of Dithmenos.
             Slain by Rupert
             ... wielding a +4 triple sword of holy wrath
              (4 damage)
             ... while paralysed by Rupert
             ... on level 12 of the Dungeon.
             The game lasted 00:39:31 (11677 turns).

Aequonox the Covert (Vampire Enchanter)            Turns: 11677, Time: 00:39:32

Health: -1/80      AC: 12    Str:  7    XL:     11   Next: 74%
Magic:  21/21      EV:  2    Int: 18    God:    Dithmenos [**....]
Gold:   267        SH:  0    Dex: 19    Spells: 21/24 levels left

rFire   + . .      SeeInvis +    a - +1 dagger
rCold   . . .      Faith    .    H - +0 kite shield {rF+}
rNeg    + . .      Spirit   .    d - +0 acid dragon scales
rPois   .          Reflect  .    K - +0 helmet of Hanlelei {rN+}
rElec   .          Rampage  .    l - +1 cloak {Stlth+}
rCorr   +          Rnd*Tele +    M - +1 pair of gloves {hurl}
Will    +....                    (no boots)
Stlth   ++++++++                 w - amulet of the acrobat
HPRegen 0.53/turn                j - +5 ring of evasion
MPRegen 0.17/turn                B - +5 ring of evasion

@: paralysed, healing quickly, wreathed by umbra
A: alive, fangs 3, see invisible, vampiric 2, mutation resistance 1,
teleportitis 1
a: Exsanguinate, Renounce Religion, Shadow Step


You were on level 12 of the Dungeon.
You worshipped Dithmenos.
Dithmenos was pleased with you.
You visited 2 branches of the dungeon, and saw 13 of its levels.
You also visited: Bailey.

You collected 867 gold pieces.
You spent 600 gold pieces at shops.

Inventory:

Hand Weapons
 a - a +1 dagger (weapon)
 P - a +5 vampiric glaive
Missiles
 k - 19 poisoned darts (quivered)
 o - 3 atropa-tipped darts
 v - 2 throwing nets
 N - 5 curare-tipped darts
Armour
 d - +0 acid dragon scales (worn)
 l - a +1 cloak of stealth (worn)
 y - a +2 buckler
 H - a +0 kite shield of fire resistance (worn)
 I - a +1 robe of willpower
 K - the +0 helmet of Hanlelei (worn) {rN+}
   (You bought it in a shop on level 10 of the Dungeon)

   rN:        It protects you from negative energy.
 L - a scarf of invisibility
 M - a +1 pair of gloves of hurling (worn)
 O - a +2 cloak
 T - a +0 troll leather armour
Jewellery
 f - an amulet of guardian spirit
 j - a +5 ring of evasion (left hand)
 w - an amulet of the acrobat (around neck)
 B - a +5 ring of evasion (right hand)
 U - a ring of see invisible
Wands
 x - a wand of polymorph (11)
 A - a wand of mindburst (11)
 G - a wand of roots (8)
 S - a wand of flame (13)
Scrolls
 e - 3 scrolls of vulnerability
 g - a scroll of identify
 m - 3 scrolls of immolation
 p - 5 scrolls of amnesia
 q - 2 scrolls of enchant weapon
 r - 6 scrolls of teleportation
 s - 7 scrolls of fear
 F - a scroll of fog {unknown}
 J - a scroll of silence {unknown}
 R - a scroll of poison {unknown}
Potions
 b - a potion of might
 c - 2 potions of invisibility
 h - a potion of haste {unknown}
 i - 3 potions of flight
 n - 5 potions of degeneration
 t - 2 potions of brilliance
 u - 2 potions of lignification
 z - 3 potions of magic
 C - a potion of heal wounds
 D - a potion of cancellation {unknown}
 E - a potion of berserk rage {unknown}
 Q - 2 potions of curing


   Skills:
 + Level 5.3 Fighting
 + Level 8.4 Short Blades
 + Level 2.7 Armour
 + Level 8.5 Dodging
 + Level 12.5 Stealth
 + Level 5.9 Shields
 + Level 7.3 Spellcasting
 * Level 1.8 Conjurations
 + Level 8.5 Hexes
 - Level 2.8 Transmutations


You had 21 spell levels left.
You knew the following spells:

 Your Spells              Type           Power      Damage    Failure   Level
a - Confusing Touch       Hex            37%        N/A       4%          3

Your spell library contained the following spells:

 Spells                   Type           Power      Damage    Failure   Level
 Slow                     Hex            100%       N/A       1%          1
 Tukima's Dance           Hex            37%        N/A       4%          3
 Ensorcelled Hibernation  Hex/Ice        42%        N/A       14%         2
 Dazzling Flash           Conj/Hex       50%        N/A       19%         3
 Magic Dart               Conj           52%        1d5       26%         1
 Summon Guardian Golem    Hex/Summ       21%        N/A       28%         3
 Searing Ray              Conj           26%        2d5       36%         2
 Apportation              Tloc           12%        N/A       47%         1
 Summon Small Mammal      Summ           24%        N/A       47%         1
 Momentum Strike          Conj/Tloc      18%        3d8       50%         2
 Fulminant Prism          Conj/Hex       12%        3d8       54%         4
 Blink                    Tloc           12%        N/A       63%         2
 Lesser Beckoning         Tloc           12%        N/A       63%         2
 Yara's Violent Unravell  Hex/Tmut       13%        3d7       82%         5
 Call Canine Familiar     Summ           6%         N/A       85%         3
 Frozen Ramparts          Ice            12%        1d2       85%         3
 Gell's Gravitas          Tloc           6%         N/A       85%         3
 Kindle Blastsparks       Fire/Tloc/Air  12%        2d11      85%         3
 Ozocubu's Armour         Ice            6%         N/A       85%         3
 Teleport Other           Tloc           6%         N/A       85%         3
 Vampiric Draining        Necr           6%         2d6       85%         3
 Ice Form                 Ice/Tmut       11%        N/A       96%         4
 Iskenderun's Mystic Bla  Conj/Tloc      9%         2d4       98%         4
 Passage of Golubria      Tloc           6%         N/A       99%         4
 Summon Ice Beast         Ice/Summ       6%         N/A       99%         4
 Alistair's Intoxication  Tmut/Pois      7%         N/A       100%        5
 Lee's Rapid Deconstruct  Erth           3%         3d5*      100%        5
 Dispersal                Tloc           3%         N/A       100%        6
 Ozocubu's Refrigeration  Ice            3%         4d8       100%        7


Dungeon Overview and Level Annotations

Branches:
Dungeon (12/15)            Temple (1/1) D:7            Lair (0/5) D:9
    Orc (0/2) D:10         Bailey (visited)

Altars:
Ashenzari
Cheibriados
Dithmenos
Fedhas
Gozag
Hepliaklqana
Kikubaaqudgha
Makhleb
Nemelex Xobeh
Okawaru
Qazlal
Ru
Sif Muna
Trog
Uskayaw
Vehumet
Wu Jian
Xom
Yredelemnul

Shops:
D:10 [

Annotations:
D:7 3 runed translucent doors, 112233's ghost, novice DsCj
D:12 Rupert


Innate Abilities, Weirdness & Mutations

Your natural rate of healing is accelerated.
You have razor-sharp teeth.
You have supernaturally acute eyesight. (SInv)
You are afflicted with vampirism and can become a bat while bloodless.
You are somewhat resistant to further mutation.
You are occasionally teleported next to monsters.


Message History

The slime creature hits you. You block the slime creature's attack.
The slime creature hits itself!
You catch the helpless slime creature completely off-guard!
You perforate the slime creature like a sieve!!!
You kill the slime creature!
Dithmenos accepts your kill.
You open the door.
Found a stone staircase leading down.
A cyclops comes into view.
There is an open door here.
The helpless cyclops fails to defend itself.
You skewer the cyclops like a kebab!!!!
You kill the cyclops!
Dithmenos accepts your kill.
You see here 4 large rocks.
You see here a ring of see invisible.
U - a ring of see invisible You open the door.
There is an open door here.
You open the door.
Rupert the Wild comes into view.
He is wielding a +4 triple sword of holy wrath.
Found 6 stones.
A brown ugly thing comes into view.
Found a stone staircase leading down.
There is an open door here.
The helpless Rupert fails to defend himself.
You spit Rupert like a pig!!!! Your bite misses Rupert.
Rupert is almost dead.
You closely miss Rupert.
Rupert is almost dead.
Rupert yells loudly at you.
You suddenly lose the ability to move!
The brown ugly thing gurgles horribly!
Rupert hits you with a +4 triple sword of holy wrath!
You convulse!
Rupert hits you with a +4 triple sword of holy wrath!!
You convulse!!
* * * LOW HITPOINT WARNING * * *
Rupert hits you with a +4 triple sword of holy wrath.
You die...

###. #... #####+####
###†## #........#
#..... #........#
#..†.. #.u.(....#
#†.... #........#
#..... #...@....#
#.....
#..@.....+.####.....
#......>.#..........
###'###########.....
#...# #..>.. ###.#
#####. #.### #.
#...# #. #######'##
### #........#
####..


You could see Rupert and a brown ugly thing.

Vanquished Creatures
  A boulder beetle (D:11)
  Urug (D:11)
  Pikel (D:8)
  4 orc knights
  4 cyclopes
  A manticore (D:11)
  6 slime creatures
  2 komodo dragons
  2 kobold demonologists (D:11)
  2 trolls
  Grinder (D:6)
  Prince Ribbit (D:7)
  A shadow (D:11)
  6 vampire mosquitoes
  An acid dragon (D:10)
  A water moccasin (D:5)
  3 orc warriors
  3 ice beasts
  A black bear (D:7)
  2 sky beasts
  4 centaurs
  An ogre (D:6)
  4 lemures (D:8)
  2 kobold brigands (D:11)
  7 bullfrogs
  5 scorpions
  5 wights (D:8)
  5 killer bees
  2 howler monkeys
  A gnoll bouda (D:7)
  A jelly (D:5)
  3 orc priests
  3 hounds (D:5)
  A sleepcap (D:4)
  7 iguanas
  8 orc wizards
  6 gnolls
  7 adders
  3 shadow imps
  A white imp (D:5)
  2 ufetubi
  2 worms (D:2)
  A dart slug (D:1)
  47 orcs
  4 endoplasms
  A giant cockroach (D:1)
  7 goblins
  11 hobgoblins
  9 jackals
  A quokka (D:5)
  4 ball pythons
  4 bats
  5 frilled lizards
  12 kobolds
  3 rats
233 creatures vanquished.

Vanquished Creatures (others)
  A boulder beetle (D:12)
1 creature vanquished.

Grand Total: 234 creatures vanquished

Notes
Turn   | Place    | Note
-------+----------+-------------------------------------------
     0 | D:1      | Aequonox the Vampire Enchanter began the quest for the Orb.
     0 | D:1      | Reached XP level 1. HP: 13/13 MP: 3/3
   244 | D:1      | Reached XP level 2. HP: 19/19 MP: 5/5
  1117 | D:2      | Gained mutation: You are afflicted with vampirism and can
                  | become a bat while bloodless. [Vampire growth]
  1117 | D:2      | Reached XP level 3. HP: 23/24 MP: 6/6
  1128 | D:2      | Found a faded altar of an unknown god.
  1201 | D:2      | Reached skill level 5 in Stealth
  1270 | D:2      | Reached skill level 5 in Hexes
  1382 | D:2      | Learned a level 3 spell: Confusing Touch
  1520 | D:2      | Reached XP level 4. HP: 29/30 MP: 7/7
  2581 | D:3      | Reached XP level 5. HP: 35/35 MP: 9/9
  3216 | D:4      | Noticed a sky beast
  3234 | D:4      | Found a stormy altar of Qazlal.
  3234 | D:4      | Found a bloodstained altar of Trog.
  3234 | D:4      | Found a sparkling altar of Nemelex Xobeh.
  3279 | D:4      | Found a hide-covered altar of Uskayaw.
  3279 | D:4      | Found a shimmering blue altar of Sif Muna.
  3650 | D:4      | Killed a sky beast
  3651 | D:4      | Reached skill level 6 in Stealth
  3651 | D:4      | Reached XP level 6. HP: 32/41 MP: 3/10
  4006 | D:5      | Entered Level 5 of the Dungeon
  4406 | D:5      | Reached XP level 7. HP: 46/46 MP: 8/12
  4409 | D:5      | Reached skill level 7 in Stealth
  5035 | D:6      | Noticed Grinder
  5064 | D:6      | Killed Grinder
  5065 | D:6      | Reached skill level 5 in Dodging
  5065 | D:6      | Reached skill level 8 in Stealth
  5065 | D:6      | Reached XP level 8. HP: 48/52 MP: 11/14
  5277 | D:6      | Reached skill level 5 in Short Blades
  5645 | D:6      | Reached skill level 1 in Fighting
  5708 | D:6      | Found a shimmering altar of Xom.
  5708 | D:6      | Found a basalt altar of Yredelemnul.
  6049 | D:7      | Reached skill level 9 in Stealth
  6049 | D:7      | Reached skill level 5 in Spellcasting
  6118 | D:7      | Noticed Prince Ribbit
  6154 | D:7      | Found a runed translucent gate.
  6155 | D:7      | Found a runed translucent gate.
  6156 | D:7      | Found a runed translucent gate.
  6156 | D:7      | Noticed a seven-headed hydra
  6156 | D:7      | Noticed 112233's ghost (novice DsCj)
  6156 | D:7      | Noticed a cyclops
  6210 | D:7      | Found a staircase to the Ecumenical Temple.
  6221 | Temple   | Entered the Ecumenical Temple
  6456 | Temple   | Became a worshipper of Dithmenos the Shadowed
  6605 | D:7      | Reached XP level 9. HP: 58/61 MP: 10/16
  6792 | D:7      | Killed Prince Ribbit
  7363 | D:8      | Reached skill level 10 in Stealth
  7564 | D:8      | Noticed Pikel
  7667 | D:8      | Reached skill level 1 in Shields
  7866 | D:8      | Killed Pikel
  7937 | D:8      | Found an ancient bone altar of Kikubaaqudgha.
  8287 | D:9      | Reached * piety under Dithmenos
  8378 | D:9      | Found a staircase to the Lair.
  8378 | D:9      | Noticed a death yak
  8378 | D:9      | Noticed a death yak
  8378 | D:9      | Noticed a death yak
  8393 | D:10     | Entered Level 10 of the Dungeon
  8481 | D:10     | Noticed an orc knight
  8483 | D:10     | Found a flagged portal.
  8541 | Bailey   | Entered a bailey
  8544 | Bailey   | Gained mutation: You are occasionally teleported next to
                  | monsters. [potion of mutation]
  8544 | Bailey   | Gained mutation: Your muscles are strong. (Str +4, Int/Dex
                  | -1) [potion of mutation]
  8544 | Bailey   | Gained mutation: You possess an exceptional clarity of
                  | mind. [potion of mutation]
  8590 | Bailey   | Lost mutation: Your muscles are strong. (Str +4, Int/Dex
                  | -1) [potion of mutation]
  8590 | Bailey   | Lost mutation: You possess an exceptional clarity of mind.
                  | [potion of mutation]
  8590 | Bailey   | Gained mutation: You are somewhat resistant to further
                  | mutation. [potion of mutation]
  8778 | Bailey   | Noticed an orc knight
  8907 | Bailey   | Reached XP level 10. HP: 71/71 MP: 19/19
  8953 | Bailey   | Killed an orc knight
  8965 | Bailey   | Noticed an orc knight
  8976 | Bailey   | Killed an orc knight
  8977 | Bailey   | Reached skill level 11 in Stealth
  9102 | D:10     | Killed an orc knight
  9155 | D:10     | Found a staircase to the Orcish Mines.
  9325 | D:10     | Noticed an orc knight
  9345 | D:10     | Killed an orc knight
  9400 | D:10     | Found Lymas's Antique Armour Boutique.
  9406 | D:10     | Bought a distressingly furry helmet for 228 gold pieces
  9406 | D:10     | Identified the +0 helmet of Hanlelei {rN+} (You bought it
                  | in a shop on level 10 of the Dungeon)
  9406 | D:10     | Bought a glowing scarf for 192 gold pieces
  9406 | D:10     | Bought a pair of embroidered gloves for 180 gold pieces
 10107 | D:10     | Reached skill level 1 in Transmutations
 10191 | D:11     | Reached skill level 1 in Armour
 10271 | D:11     | Noticed a cyclops
 10298 | D:11     | Killed a cyclops
 10407 | D:11     | Noticed a manticore
 10414 | D:11     | Killed a manticore
 10414 | D:11     | Reached ** piety under Dithmenos
 10415 | D:11     | Reached skill level 5 in Shields
 10415 | D:11     | Reached XP level 11. HP: 78/78 MP: 21/21
 10452 | D:11     | Noticed Urug
 10463 | D:11     | Killed Urug
 10544 | D:11     | Reached skill level 12 in Stealth
 10662 | D:11     | Identified the staff of cold "Nutzu" {rC+ Int+4}
 10688 | D:11     | Noticed a boulder beetle
 10891 | D:11     | Killed a boulder beetle
 10892 | D:11     | Reached skill level 5 in Fighting
 10987 | D:11     | Noticed a boulder beetle
 11114 | D:11     | Noticed a sun demon
 11258 | D:12     | Killed a boulder beetle
 11470 | D:12     | Reached skill level 1 in Conjurations
 11669 | D:12     | Noticed Rupert
 11670 | D:12     | Noticed a brown ugly thing
 11674 | D:12     | Paralysed by Rupert for 5 turns
 11676 | D:12     | HP: 3/80 [Rupert/+4 triple sword of holy wrath (30)]
 11677 | D:12     | Slain by Rupert

Illustrated notes

Levels and vault maps discovered:
D:1:      dpeg_arrival_radiant, layout_basic
D:2:      layout_basic, chequers_ecumenical_altar_island,
          wander_ebering_terrifying_dragon_lair
D:3:      layout_loops_corners
D:4:      layout_basic, minmay_overflow_temple_hex
D:5:      layout_loops_ring, serial_glass, glass_columns_b, glass_columns_c
D:6:      layout_basic, nicolae_overflow_two_pavilions,
          chequers_hall_statues_wall_a, chequers_mini_garden, uniq_grinder
D:7:      layout_rooms, minmay_temple_entry_mini_moons, gammafunk_ghost_split,
          uniq_prince_ribbit1
D:8:      nicolae_BIG_FREAKIN_CUBE, layout_loops_cross, kiku_gazebo_pond_becter,
          grunt_ministairs_13, minmay_starry_boxes, uniq_pikel
D:9:      layout_rooms, dpeg_lair_monsters, uniq_joseph
D:10:     layout_loops_cross, orc_david_3, serial_shops, shop, enter_bailey_4,
          nicolae_figureground_pulse
D:11:     layout_rooms, serial_shops, nicolae_shop_behind_doors, uniq_urug
D:12:     layout_roguey, lemuel_nasty_fountain, uniq_rupert
Temple:   compressed_dpeg_triangle_lava_temple

Skill      XL: |  1  2  3  4  5  6  7  8  9 10 11 |
---------------+----------------------------------+-----
Stealth        | 5 6 8 9 10 11 12 | 12.5
Hexes          | 5 6 7 8 |  8.5
Short Blades   | 2 3 4 5 6 7 8 |  8.4
Dodging        | 3 4 5 6 7 8 |  8.5
Spellcasting   | 3 4 5 6 7 |  7.3
Fighting       | 2 3 4 5 |  5.3
Shields        | 2 5 |  5.9
Transmutations | 1 2 |  2.8
Armour         | 1 2 |  2.7
Conjurations   | 1 |  1.8

Action                     |  1- 3 |  4- 6 |  7- 9 | 10-12 || total
---------------------------+-------+-------+-------+-------++-------
  Melee: Dagger            |   153 |   281 |   670 |   436 ||  1540
         Bite              |    13 |    39 |    96 |    91 ||   239
         Punch             |     1 |     5 |     5 |     1 ||    12
   Cast: Confusing Touch   |       |     9 |    50 |    38 ||    97
    Use: Scroll            |       |       |    13 |     2 ||    15
         Potion            |       |       |     2 |       ||     2
   Stab: Sleeping          |     9 |     8 |    19 |     8 ||    44
         Confused          |       |     7 |    43 |    50 ||   100
         Distracted        |       |       |     1 |     1 ||     2
 Armour: Robe              |    13 |    14 |    37 |       ||    64
         Acid dragon scale |       |       |       |    21 ||    21
  Dodge: Dodged            |   105 |   223 |   382 |   245 ||   955
  Block: Kite shield       |       |       |   107 |   144 ||   251

Table legend: (Time is in decaauts)
 A = Elapsed time spent in this place.
 B = Non-inter-level travel time spent in this place.
 C = Inter-level travel time spent in this place.
 D = Time resting spent in this place.
 E = Time spent auto-exploring this place.
 F = Levels seen in this place.
 G = Mean time per level.
                   A        B        C        D        E       F      G
               +--------+--------+--------+--------+--------+-----+--------+
         Total |  11410 |  10850 |    560 |     15 |   7372 |  14 |  815.0 |
       Dungeon |  10548 |  10010 |    538 |     15 |   6860 |  12 |  879.0 |
        Temple |    332 |    310 |     22 |      0 |    280 |   1 |  332.0 |
        Bailey |    529 |    529 |      0 |      0 |    232 |   1 |  529.0 |
               +--------+--------+--------+--------+--------+-----+--------+

Top non-repeatable levels by time:
    D:10: 1178 daAuts
     D:3: 1173 daAuts
     D:8: 1127 daAuts
     D:1: 1103 daAuts
     D:6: 1085 daAuts
    D:11: 999 daAuts
     D:2: 855 daAuts
     D:5: 854 daAuts
     D:4: 841 daAuts
     D:7: 592 daAuts
  Bailey: 529 daAuts
    D:12: 467 daAuts
  Temple: 332 daAuts
     D:9: 270 daAuts
